 Dungeon Crawl Stone Soup version 0.29-a0-369-gd956c00756 (webtiles) character file.

Game seed: 2996011711407494837

75 holysushi the Cutter (level 4, -2/29 HPs)
             Began as a Kobold Monk on May 2, 2022.
             Killed by divine providence
             ... invoked by an orc priest
              (11 damage)
             ... on level 3 of the Dungeon.
             The game lasted 00:02:06 (2425 turns).

holysushi the Cutter (Kobold Monk)                  Turns: 2425, Time: 00:02:06

Health: -2/29      AC:  2    Str:  8    XL:     4   Next: 55%
Magic:  4/4        EV: 16    Int: 11    God:
Gold:   79         SH:  5    Dex: 19    Spells: 3/3 levels left

rFire   . . .      SeeInvis .   a - +0 short sword
rCold   . . .      Faith    .   (no shield)
rNeg    . . .      Spirit   .   b - +0 robe
rPois   .          Reflect  +   (no helmet)
rElec   .          Harm     .   (no cloak)
rCorr   .          Rampage  .   (no gloves)
Will    .....                   (no boots)
Stlth   +++.......              h - amulet of reflection
HPRegen 0.09/turn               (no ring)
MPRegen 0.09/turn               (no ring)

@: no status effects
A: small, no large weapons, nightstalker 3
a: no special abilities


You were on level 3 of the Dungeon.
You visited 1 branch of the dungeon, and saw 3 of its levels.

You collected 160 gold pieces.
You spent 81 gold pieces at shops.

Inventory:

Hand Weapons
 a - a +0 short sword (weapon)
Armour
 b - a +0 robe (worn)
Jewellery
 h - an amulet of reflection (around neck)
 m - an amulet of the acrobat
Scrolls
 d - a scroll of noise {unknown}
 f - a scroll of vulnerability {unknown}
 g - 3 scrolls of teleportation
 j - a scroll of identify
 n - a scroll of fog {unknown}
Potions
 c - 2 potions of ambrosia
 e - 2 potions of might
 i - a potion of heal wounds
 k - a potion of cancellation
 l - a potion of magic


   Skills:
 + Level 4.1 Fighting
 * Level 5.9 Short Blades
 - Level 3.6 Dodging
 - Level 2.6 Stealth


You had 3 spell levels left.
You didn't know any spells.
Your spell library contained the following spells:

 Spells                   Type           Power      Damage    Failure   Level
 Blink                    Tloc           0%         N/A       47%         2
 Gell's Gravitas          Tloc           0%         N/A       71%         3
 Lesser Beckoning         Tloc           0%         N/A       71%         3
 Teleport Other           Tloc           0%         N/A       71%         3
 Manifold Assault         Tloc           0%         N/A       100%        5
 Dispersal                Tloc           0%         N/A       100%        6


Dungeon Overview and Level Annotations

Branches:
Dungeon (3/15)

Altars:
Cheibriados

Shops:
D:1 ?   D:2 *


Innate Abilities, Weirdness & Mutations

You are small and have problems with some larger weapons.
You are completely attuned to the shadows.


Message History

An orc priest is nearby!
An orc comes into view. It is wielding a +0 mace.
The orc priest shouts!
You hear a shout! x4
The orc moves out of view.
You hear a shout! x2
An orc comes into view. It is wielding a +0 whip.
Unknown command.
You hit the orc priest.
The orc priest is lightly wounded.
Unknown command.
You barely miss the orc priest.
The orc priest is lightly wounded.
The orc priest hits you with a +0 flail!
Unknown command.
You hit the orc priest.
The orc priest is moderately wounded.
The orc priest looks braver for a moment.
Unknown command.
You hit the orc priest but do no damage.
The orc priest is moderately wounded.
The orc priest closely misses you.
Unknown command.
You barely miss the orc priest.
The orc priest is moderately wounded.
Unknown command.
You barely miss the orc.
Unknown command.
You hit the orc but do no damage.
Unknown command.
The orc priest mumbles some strange prayers to Beogh against you.
Beogh smites you!
You hear a shout! x2
You hear a shout!
The orc attacks as you move away! The orc hits you with a +0 whip.
The orc attacks as you move away! The orc completely misses you.
The orc attacks as you move away! The orc barely misses you.
The orc attacks as you move away! The orc closely misses you.
The orc priest invokes the aid of Beogh against you.
Beogh smites you!
You die...

######
.....##
....<.##
.....@.#
.......#
.....o.#
.......#
....o.# #
.....##.#.
....#.....
###......#
#..#.###


You could see an orc priest and an orc.

Vanquished Creatures
  2 adders (D:2)
  3 dart slugs (D:1)
  7 ball pythons
  4 endoplasms
  2 giant cockroaches
  6 goblins
  4 hobgoblins
  2 jackals (D:2)
  6 kobolds (D:2)
  A quokka (D:1)
  4 bats
  3 frilled lizards
  2 rats
46 creatures vanquished.

Vanquished Creatures (others)
  4 plants (D:2)
4 creatures vanquished.

Grand Total: 50 creatures vanquished

Notes
Turn   | Place    | Note
-------+----------+-------------------------------------------
     0 | D:1      | holysushi the Kobold Monk began the quest for the Orb.
     0 | D:1      | Reached XP level 1. HP: 14/14 MP: 1/1
   250 | D:1      | Reached XP level 2. HP: 19/19 MP: 2/2
   510 | D:1      | Reached XP level 3. HP: 22/24 MP: 3/3
   571 | D:1      | Reached skill level 5 in Short Blades
   575 | D:1      | Found Feczi's Magic Scroll Emporium.
   591 | D:1      | Bought a scroll of identify for 22 gold pieces
   591 | D:1      | Bought a scroll of teleportation for 33 gold pieces
   968 | D:2      | Found a snail-covered altar of Cheibriados.
  1420 | D:2      | Reached XP level 4. HP: 29/29 MP: 4/4
  1473 | D:2      | Found Umokyuc's General Store.
  1544 | D:2      | Bought a scroll of identify for 26 gold pieces
  2425 | D:3      | Killed from afar by an orc priest

Illustrated notes

Levels and vault maps discovered:
D:1:      minmay_arrival_stair_chambers, layout_rooms, serial_shops, shop,
          st_stairs_1
D:2:      layout_loops_corners, basic_altar, serial_shops, shop,
          corexii_item_surrounded_by_moat, nrook_mini_vaults,
          lexackson_kobold_supper
D:3:      layout_rooms, okawaru_metal_pillars_1_2, gammafunk_ghost_grave

Skill      XL: |  1  2  3  4 |
---------------+-------------+-----
Short Blades   | 5 |  5.9
Fighting       | 4 |  4.1
Dodging        | |  3.6
Stealth        | |  2.6

Action                   |  1- 3 |  4- 6 || total
-------------------------+-------+-------++-------
Melee: Short sword       |    59 |    47 ||   106
  Use: Scroll            |     1 |     3 ||     4
 Stab: Sleeping          |    14 |     5 ||    19
Armor: Robe              |     6 |     4 ||    10
Dodge: Dodged            |    33 |    24 ||    57
Block: Other             |     4 |     6 ||    10
       Reflection        |     1 |       ||     1

Table legend: (Time is in decaauts)
 A = Elapsed time spent in this place.
 B = Non-inter-level travel time spent in this place.
 C = Inter-level travel time spent in this place.
 D = Time resting spent in this place.
 E = Time spent auto-exploring this place.
 F = Levels seen in this place.
 G = Mean time per level.
                   A        B        C        D        E       F      G
               +--------+--------+--------+--------+--------+-----+--------+
         Total |   2405 |   2288 |    117 |    521 |   1437 |   3 |  801.7 |
       Dungeon |   2405 |   2288 |    117 |    521 |   1437 |   3 |  801.7 |
               +--------+--------+--------+--------+--------+-----+--------+

Top non-repeatable levels by time:
     D:2: 1495 daAuts
     D:1: 890 daAuts
     D:3: 18 daAuts
